 Dungeon Crawl Stone Soup version 0.29-a0-483-g69413ace17 (webtiles) character file.

Game seed: 8019997486849070632

74 xian the Shield-Bearer (level 4, -3/35 HPs)
             Began as a Human Fighter on May 25, 2022.
             Slain by a gnoll sergeant
             ... wielding a +0 spear
              (7 damage)
             ... on level 2 of the Dungeon.
             The game lasted 00:04:18 (1829 turns).

xian the Shield-Bearer (Human Fighter)              Turns: 1829, Time: 00:04:19

Health: -3/35      AC:  9    Str: 18    XL:     4   Next: 52%
Magic:  4/4        EV:  9    Int:  8    God:
Gold:   60         SH:  5    Dex: 13    Spells: 3/3 levels left

rFire   . . .      SeeInvis .   a - +0 long sword
rCold   . . .      Faith    .   c - +0 buckler
rNeg    . . .      Spirit   .   b - +0 scale mail
rPois   .          Reflect  .   (no helmet)
rElec   .          Harm     .   (no cloak)
rCorr   .          Rampage  .   n - +0 pair of gloves
Will    .....                   k - +0 pair of boots
Stlth   ..........              (no amulet)
HPRegen 0.11/turn               (no ring)
MPRegen 0.09/turn               (no ring)

@: no status effects
A: no striking features
a: no special abilities


You were on level 2 of the Dungeon.
You visited 1 branch of the dungeon, and saw 2 of its levels.

You collected 60 gold pieces.

Inventory:

Hand Weapons
 a - a +0 long sword (weapon)
Missiles
 l - a poisoned dart (quivered)
Armour
 b - a +0 scale mail (worn)
 c - a +0 buckler (worn)
 k - a +0 pair of boots (worn)
 n - a +0 pair of gloves (worn)
Scrolls
 e - 2 scrolls of teleportation {unknown}
 g - a scroll of enchant weapon {unknown}
 i - a scroll of brand weapon {unknown}
 j - 2 scrolls of identify {unknown}
 m - a scroll of torment {unknown}
 o - a scroll of immolation {unknown}
Potions
 d - 2 potions of might
 f - 3 potions of attraction {unknown}
 h - a potion of magic {unknown}
 p - a potion of flight {unknown}


   Skills:
 + Level 3.2 Fighting
 + Level 3.4 Long Blades
 + Level 3.3 Armour
 + Level 0.1 Dodging
 + Level 3.5 Shields


You had 3 spell levels left.
You didn't know any spells.
Your spell library was empty.

Dungeon Overview and Level Annotations

Branches:
Dungeon (2/15)

Altars:

Shops:
D:1 =


Message History

You hit the gnoll but do no damage. The gnoll hits you with a +0 whip.
The gnoll barely misses you.
You completely miss the gnoll. The gnoll hits you with a +0 whip.
You closely miss the gnoll. The gnoll barely misses you.
You closely miss the gnoll. The gnoll hits you but does no damage.
You hit the gnoll.
The gnoll is moderately wounded.
The gnoll barely misses you. The gnoll hits you with a +0 whip!
You hit the gnoll.
The gnoll is heavily wounded.
The gnoll barely misses you.
Unknown command.
You hit the gnoll.
The gnoll is severely wounded.
You block the gnoll's attack.
You slash the gnoll!
You kill the gnoll!
Items here: ))) †.
You see here a +0 hand axe.
Items here: ))) †.
Found 20 stones.
Found a hand axe and the +3 woodcutter's axe {vorpal}.
The gnoll sergeant shouts!
A gnoll sergeant opens the door.
You see here a +0 hand axe.
You see here a +0 hand axe.
You throw a poisoned dart.
The poisoned dart completely misses the gnoll sergeant.
The gnoll sergeant closely misses you.
You throw a poisoned dart.
The poisoned dart hits the gnoll sergeant.
The gnoll sergeant is poisoned.
The gnoll sergeant hits you from afar with a +0 spear. x2
You are too injured to fight recklessly!
The gnoll sergeant hits you but does no damage.
You barely miss the gnoll sergeant.
The gnoll sergeant hits you with a +0 spear!
* * * LOW HITPOINT WARNING * * *
The gnoll sergeant hits you from afar with a +0 spear!
You die...

##.............# #
.'.............# #
##....##########.#########
# .....##♣♣♣♣♣
#.........######## ######
)...♣♣ #######...........
# #..♣♣♣ #.#.########
...#..).♣♣♣ #.#.#
#...#.♣....♣♣###.#.#
#.).('...g.@)...#.#.#
##...#..♣..)♣♣#...#.#
#(..#....♣♣♣ ###.#.#
#####..♣♣♣ ....# ♣...)♣
##.### ♣♣♣♣♣ ... #.# #.#
#.#


You could see a gnoll sergeant (poisoned).

Vanquished Creatures
  3 gnolls (D:2)
  A dart slug (D:1)
  6 bats
  2 endoplasms (D:1)
  A giant cockroach (D:1)
  4 hobgoblins
  2 jackals (D:1)
  2 frilled lizards
  8 goblins
  6 kobolds
  4 rats
39 creatures vanquished.

Notes
Turn   | Place    | Note
-------+----------+-------------------------------------------
     0 | D:1      | xian the Human Fighter began the quest for the Orb.
     0 | D:1      | Reached XP level 1. HP: 18/18 MP: 1/1
   359 | D:1      | Found Wujom's One-of-a-Kind Rings.
   554 | D:1      | Reached XP level 2. HP: 24/24 MP: 2/2
   889 | D:1      | Reached XP level 3. HP: 29/29 MP: 3/3
  1573 | D:2      | Found a faded altar of an unknown god.
  1796 | D:2      | Reached XP level 4. HP: 33/35 MP: 4/4
  1818 | D:2      | Noticed a gnoll sergeant
  1818 | D:2      | Found the +3 woodcutter's axe {vorpal}
  1829 | D:2      | Slain by a gnoll sergeant

Illustrated notes

Levels and vault maps discovered:
D:1:      giann_horns, layout_basic, nicolae_shop_unique_rings
D:2:      layout_basic, chequers_ecumenical_altar_simple,
          pf_guarded_unrand_woodcutter

Skill      XL: |  1  2  3 |
---------------+----------+-----
Long Blades    | 3 |  3.4
Fighting       | |  3.2
Armour         | |  3.3
Dodging        | |  0.1
Shields        | |  3.5

Action                   |  1- 3 |  4- 6 || total
-------------------------+-------+-------++-------
Melee: Long sword        |   114 |    12 ||   126
Throw: Dart              |       |     2 ||     2
Armor: Scale mail        |    85 |     2 ||    87
Dodge: Dodged            |    63 |     6 ||    69
Block: Buckler           |    35 |     2 ||    37

Table legend: (Time is in decaauts)
 A = Elapsed time spent in this place.
 B = Non-inter-level travel time spent in this place.
 C = Inter-level travel time spent in this place.
 D = Time resting spent in this place.
 E = Time spent auto-exploring this place.
 F = Levels seen in this place.
 G = Mean time per level.
                   A        B        C        D        E       F      G
               +--------+--------+--------+--------+--------+-----+--------+
         Total |   1869 |   1835 |     34 |    184 |   1157 |   2 |  934.5 |
       Dungeon |   1869 |   1835 |     34 |    184 |   1157 |   2 |  934.5 |
               +--------+--------+--------+--------+--------+-----+--------+

Top non-repeatable levels by time:
     D:1: 1180 daAuts
     D:2: 689 daAuts
